Map: Ice and Chrome LE

Players

DisK

  • Race: Protoss Protoss
  • League: Master
  • Spawn Location: 1:00

Scarlett - Winner!

  • Race: Zerg Zerg
  • Spawn Location: 7:00

Event: DreamHack SC2 Masters 2020 Summer North America

VOD

Have the link to the VOD?

Description

Time

  • Played on: July 2, 2020, 3:37 p.m.
  • Length: 11:15

All games in this series

Show
View Real Time Build Order
Export as new Build Order

DisK Protoss 

Build Orders: 1 Gate Expand, Phoenix Opening 

Get SALT Encoding   

  12  0:00  Probe  
  13  0:12  Probe  
  14  0:20  Pylon  
  14  0:24  Probe  
  15  0:34  Probe  
  15  0:38  Gateway  
  15  0:42  Probe  
  16  0:48  Assimilator  
  17  0:52  Probe  
  18  1:04  Probe  
  19  1:16  Probe  
  20  1:24  Nexus  
  20  1:33  Cybernetics Core  
  20  1:36  Probe  
  21  1:44  Assimilator  
  21  1:48  Probe  
  21  1:52  Pylon  
  22  1:57  Probe  
  23  2:03  Adept  
  23  2:07  Probe  
  23  2:09  Warp Gate  
  26  2:17  Probe  
  27  2:28  Stalker  
  27  2:29  Stargate  
  28  2:30  Probe  
  30  2:41  Probe  
  30  2:43  Probe  
  32  2:53  Probe  
  32  2:55  Probe  
  34  3:05  Probe  
  35  3:06  Adept  
  35  3:07  Probe  
  35  3:12  Gateway  
  38  3:14  Phoenix  
  38  3:17  Probe  
  38  3:19  Twilight Council  
  41  3:21  Probe  
  42  3:30  Probe  
  42  3:33  Probe, Pylon  
  44  3:40  Resonating Glaives  
  44  3:44  Probe  
  44  3:45  Probe  
  44  3:48  Gateway  
  46  3:51  Pylon  
  46  3:56  Assimilator, Probe  
  46  3:58  Probe  
  46  4:02  Adept  
  50  4:08  Adept  
  50  4:09  Probe  
  53  4:20  Nexus  
  53  4:22  Pylon  
  53  4:24  Probe x2  
  53  4:25  Adept  
  53  4:29  Adept  
  59  4:38  Robotics Facility  
  59  4:39  Probe  
  59  4:42  Probe  
  59  4:43  Adept  
  63  4:46  Adept  
  63  4:50  Shield Battery  
  63  4:52  Probe  
  65  4:53  Adept  
  65  4:56  Probe  
  65  4:58  Assimilator  
  69  5:04  Probe  
  70  5:07  Pylon  
  70  5:13  Pylon  
  70  5:20  Gateway  
  70  5:21  Gateway  
  70  5:24  Gateway  
  70  5:25  Sentry x2  
  70  5:26  Sentry  
  70  5:28  Probe  
  77  5:30  Blink  
  73  5:43  Probe x3  
  73  5:46  Immortal  
  73  5:49  Forge  
  80  5:51  Probe x2  
  80  5:56  Probe  
  83  5:59  Probe  
  80  6:08  Probe  
  75  6:12  Adept x3  
  75  6:14  Probe x2  
  75  6:17  Pylon  
  79  6:20  Immortal, Shield Battery, Probe  
  79  6:21  Shield Battery  
  79  6:22  Stalker  
  79  6:23  Stalker  
  79  6:24  Stalker  
  90  6:34  Protoss Ground Weapons Level 1  
  90  6:38  Assimilator  
  90  6:40  Pylon  
  90  6:43  Assimilator  
  90  6:44  Sentry x2  
  94  6:49  Gateway  
  94  6:51  Gateway, Pylon  
  94  6:55  Phoenix  
  94  6:58  Pylon  
  94  6:59  Probe x2  
  96  7:03  Probe  
  96  7:04  Warp Prism  
  99  7:12  Stalker x3  
  99  7:13  Probe x2  
  107  7:16  Zealot  
  107  7:19  Stalker  
  107  7:22  Stalker  
  113  7:30  Pylon  
  113  7:38  Stalker x3  
  113  7:39  Stalker  
  113  7:42  Stalker  
  119  8:03  Stalker x2, Pylon  
  119  8:04  Stalker x3  
  129  8:14  Observer  
  129  8:18  Pylon  
  129  8:19  Pylon  
  130  8:26  Pylon  
  124  8:38  Stalker x2  
  124  8:39  Stalker x3  
  124  8:40  Stalker x3  
  138  8:47  Void Ray  
  140  9:04  Stalker x6  
  140  9:05  Stalker  
  142  9:17  Stalker  
  138  9:29  Stalker x6  
  84  9:54  Stalker x5  
Show
View Real Time Build Order
Export as new Build Order

Scarlett Zerg - Winner!

Build Orders: Hatch First, Swarm Host 

Get SALT Encoding   

  12  0:00  Drone  
  13  0:12  Overlord  
  13  0:17  Drone  
  14  0:30  Drone  
  14  0:31  Drone  
  16  0:47  Hatchery  
  15  0:51  Drone  
  15  0:54  Drone  
  17  0:57  Drone  
  18  1:08  Extractor  
  17  1:12  Spawning Pool  
  17  1:16  Drone  
  17  1:20  Drone  
  18  1:28  Drone  
  19  1:40  Drone  
  20  1:51  Overlord  
  20  1:59  Queen x2  
  20  2:00  Zergling x4  
  26  2:09  Drone  
  26  2:11  Drone  
  28  2:18  Metabolic Boost  
  28  2:20  Drone  
  28  2:22  Drone  
  30  2:33  Drone x2  
  32  2:43  Hatchery  
  31  2:48  Overlord  
  31  2:49  Drone  
  32  3:01  Drone  
  32  3:02  Drone, Queen  
  36  3:11  Drone x2  
  38  3:13  Drone x3  
  38  3:19  Drone, Overlord  
  42  3:22  Lair  
  42  3:27  Overlord  
  41  3:38  Queen  
  41  3:41  Drone x3  
  46  3:43  Drone x4  
  46  3:46  Drone  
  51  3:51  Drone x2  
  51  3:54  Drone  
  54  4:00  Overlord  
  54  4:01  Drone  
  54  4:02  Queen  
  57  4:04  Spore Crawler  
  57  4:05  Drone  
  57  4:12  Spore Crawler, Zergling x4  
  58  4:18  Overlord x2  
  58  4:23  Roach Warren  
  57  4:24  Evolution Chamber  
  57  4:25  Drone x2  
  57  4:26  Drone  
  57  4:29  Overseer  
  60  4:31  Zergling x4  
  60  4:37  Overlord  
  61  4:40  Extractor x2  
  61  4:44  Queen  
  61  4:46  Drone x4  
  61  4:47  Drone  
  61  4:51  Zerg Missile Weapons Level 1, Drone x2  
  61  4:52  Drone x2  
  70  4:56  Overlord  
  70  4:57  Drone x2  
  72  5:02  Drone x3  
  72  5:03  Overlord  
  75  5:10  Roach  
  75  5:12  Roach x2  
  75  5:14  Overlord, Zergling x2  
  81  5:20  Overlord  
  87  5:21  Roach x3  
  87  5:23  Roach  
  89  5:30  Roach, Zergling x6  
  93  5:39  Roach, Zergling x4  
  93  5:45  Zergling x2  
  93  5:46  Zergling x6  
  93  5:48  Extractor  
  92  5:53  Drone x7  
  92  5:56  Glial Reconstitution, Infestation Pit  
  98  5:57  Extractor  
  98  5:58  Extractor  
  98  6:03  Drone x4  
  93  6:09  Drone  
  89  6:12  Drone  
  89  6:13  Drone  
  89  6:17  Drone  
  92  6:22  Drone  
  93  6:26  Overseer  
  93  6:27  Drone x5  
  93  6:29  Overlord  
  93  6:30  Overlord  
  98  6:34  Hatchery  
  98  6:38  Overlord  
  98  6:39  Drone, Overlord  
  98  6:46  Overlord  
  98  6:48  Zerg Missile Weapons Level 2  
  98  6:50  Drone x2  
  98  6:51  Nydus Network  
  98  6:52  Drone  
  100  6:54  Drone  
  100  6:55  Drone  
  100  6:57  Overlord  
  100  6:59  Overlord  
  102  7:12  Swarm Host x6  
  120  7:21  Swarm Host x4  
  132  7:30  Swarm Host  
  132  7:31  Swarm Host x3  
  143  7:42  Swarm Host x2  
  143  7:43  Overlord x2  
  143  7:44  Overlord x2  
  149  7:47  Nydus Canal  
  149  7:50  Roach x3, Zergling x2  
  154  7:57  Overlord x2  
  154  7:59  Roach x2, Zergling x2  
  154  8:04  Zergling x8  
  154  8:05  Zergling x4  
  165  8:07  Ravager x3  
  165  8:08  Overlord  
  168  8:14  Nydus Canal  
  168  8:22  Zergling x2  
  168  8:23  Zergling x16  
  168  8:24  Ravager x2  
  180  8:27  Zergling x8  
  180  8:40  Roach x4  
  184  8:51  Roach, Ravager x5  
  184  8:53  Zergling x16  
  199  9:01  Hydralisk Den  
  197  9:14  Roach x5, Zergling x2  
  189  9:25  Roach x6  
  189  9:29  Zergling x10  
  185  9:46  Zergling x22  
  185  9:49  Muscular Augments  
  185  9:50  Lurker Den  
  185  9:51  Nydus Canal  
Tags
 
Add a new tag
Caveats
  • Supply blocks, unpowered buildings, or Contaminate may cause inaccurate times.
  • Supply counts are checked every 10 seconds.